 Dungeon Crawl Stone Soup version 0.30-b1-2-g02819fbbbe (webtiles) character file.

Game seed: 5846176274421973805

21 RadicalHijinx the Sneak (level 3, -1/20 HPs)
             Began as a Kobold Enchanter on Oct 29, 2023.
             Slain by an orc
             ... wielding a +0 flail
              (5 damage)
             ... on level 2 of the Dungeon.
             The game lasted 00:01:40 (1522 turns).

RadicalHijinx the Sneak (Kobold Enchanter)          Turns: 1522, Time: 00:01:41

Health: -1/20      AC:  3    Str:  5    XL:     3   Next: 2%
Magic:  2/6        EV: 15    Int: 18    God:
Gold:   118        SH:  0    Dex: 15    Spells: 4/6 levels left

rFire   . . .        a - +1 dagger
rCold   . . .        (no shield)
rNeg    . . .        b - +0 robe
rPois   .            (no helmet)
rElec   .            (no cloak)
rCorr   .            k - +0 pair of gloves
SInv    .            (no boots)
Will    .....        (no amulet)
Stlth   ++++         (no ring)
HPRegen 0.23/turn    (no ring)
MPRegen 0.10/turn

%: no passive effects
@: no status effects
A: small, no large weapons, nightstalker 3
a: no special abilities


You were on level 2 of the Dungeon.
You visited 1 branch of the dungeon, and saw 2 of its levels.

You collected 118 gold pieces.

Inventory:

Hand Weapons
 a - a +1 dagger (weapon)
Missiles
 f - 6 atropa-tipped darts (quivered)
Armour
 b - a +0 robe (worn)
 k - a +0 pair of gloves (worn)
Scrolls
 d - 2 scrolls of identify
 g - a scroll of teleportation {unknown}
 h - 2 scrolls of fog {unknown}
 j - a scroll of poison {unknown}
Potions
 c - 2 potions of invisibility
 e - a potion of mutation {unknown}
 i - a potion of degeneration


   Skills:
 + Level 1.1 Fighting
 + Level 1.8 Short Blades
 - Level 2.4 Dodging
 + Level 4.2 Stealth
 + Level 2.4 Spellcasting
 * Level 3.3 Hexes


You had 4 spell levels left.
You knew the following spells:

 Your Spells              Type           Power      Damage    Failure   Level
a - Ensorcelled Hibernat  Hex/Ice        16%        N/A       13%         2

Your spell library contained the following spells:

 Spells                   Type           Power      Damage    Failure   Level
 Confusing Touch          Hex            14%        N/A       14%         3
 Tukima's Dance           Hex            14%        N/A       14%         3
 Magic Dart               Conj           8%         1d3       17%         1
 Call Imp                 Summ           4%         N/A       26%         2
 Sublimation of Blood     Necr           2%         N/A       26%         2
 Dazzling Flash           Conj/Hex       16%        N/A       26%         3
 Mephitic Cloud           Conj/Pois/Air  2%         N/A       45%         3
 Petrify                  Tmut/Erth      2%         N/A       86%         4
 Irradiate                Conj/Tmut      1%         3d12      99%         5


Dungeon Overview and Level Annotations

Branches:
Dungeon (2/15)

Altars:


Innate Abilities, Weirdness & Mutations

You are small and have problems with some larger weapons.
You are completely attuned to the shadows.


Message History

Found a stone staircase leading down.
You see here 3 boomerangs.
You now have 107 gold pieces (gained 12).
You now have 118 gold pieces (gained 11).
As you open the door, it creaks loudly!
An orc comes into view. It is wielding a +0 flail.
The orc shouts!
An orc is nearby!
There is an open door here.
You hit the orc but do no damage. The orc hits you with a +0 flail!
Casting: Ensorcelled Hibernation (safe; 13% risk of failure)
Confirm with . or Enter, or press ? or * to list all spells.
Aiming: Ensorcelled Hibernation (safe; 13% risk of failure)
Press: ? - help, Shift-Dir - straight line, f - orc
Aim: an orc, wielding a +0 flail and wearing a +0 ring mail (chance to affect: 59%)
The orc resists with significant effort.
The orc misses you.
Casting: Ensorcelled Hibernation (safe; 13% risk of failure)
Confirm with . or Enter, or press ? or * to list all spells.
Aiming: Ensorcelled Hibernation (safe; 13% risk of failure)
Press: ? - help, Shift-Dir - straight line, f/p - orc
Aim: an orc, wielding a +0 flail and wearing a +0 ring mail (chance to affect: 59%)
The orc resists with significant effort.
The orc misses you.
Casting: Ensorcelled Hibernation (safe; 13% risk of failure)
Confirm with . or Enter, or press ? or * to list all spells.
Aiming: Ensorcelled Hibernation (safe; 13% risk of failure)
Press: ? - help, Shift-Dir - straight line, f/p - orc
Aim: an orc, wielding a +0 flail and wearing a +0 ring mail (chance to affect: 59%)
The orc resists with significant effort.
The orc hits you with a +0 flail.
* * * LOW HITPOINT WARNING * * *
The orc attacks as you move away! The orc misses you.
The orc attacks as you move away! The orc closely misses you.
The orc attacks as you move away! The orc hits you with a +0 flail!
* * * LOW HITPOINT WARNING * * *
The orc attacks as you move away! The orc completely misses you.
The orc attacks as you move away! The orc misses you.
The orc attacks as you move away! The orc hits you with a +0 flail.
You die...

....#.######.#.#
#.............
##.###.........#
##.#######..##
*####.########.#
##.#.######....
,,,#.## #.#
#.###.......###
**,#.# #.#
##.#.########
*,,#.# #.# ##.##
,,*#.# #.# #.#
+###.#
#.######.#
,#.'.#
#.o@.....#
,#.###
########## ...*
###*


You could see an orc.

Vanquished Creatures
  3 ball pythons
  2 endoplasms
  3 hobgoblins
  2 quokkas
  4 bats
  2 frilled lizards
  A kobold (D:1)
  A rat (D:1)
18 creatures vanquished.

Notes
Turn   | Place    | Note
-------+----------+-------------------------------------------
     0 | D:1      | RadicalHijinx the Kobold Enchanter began the quest for the
                  | Orb.
     0 | D:1      | Reached XP level 1. HP: 10/10 MP: 3/3
   376 | D:1      | Reached XP level 2. HP: 16/16 MP: 5/5
   379 | D:1      | Learned a level 2 spell: Ensorcelled Hibernation
  1082 | D:2      | Reached skill level 1 in Fighting
  1333 | D:2      | Reached XP level 3. HP: 20/20 MP: 6/6
  1507 | D:2      | HP: 1/20 [orc/+0 flail (7)]
  1522 | D:2      | Slain by an orc

Illustrated notes

Levels and vault maps discovered:
D:1:      scummos_arrival_star, layout_loops_ring, minmay_misc_feat_plants
D:2:      minmay_chambers_of_ones, layout_loops_ring

Skill      XL: |  1  2 |
---------------+-------+-----
Fighting       | 1 |  1.1
Short Blades   | |  1.8
Dodging        | |  2.4
Stealth        | |  4.2
Spellcasting   | |  2.4
Hexes          | |  3.3

Action                     || total
---------------------------++-------
  Melee: Dagger            ||    24
   Cast: Ensorcelled Hiber ||     3
    Use: Scroll            ||     2
   Stab: Sleeping          ||    15
  Dodge: Dodged            ||    10
